 Dungeon Sprint DCSS version 0.21-a0-104-g7b58145 (webtiles) character file.

248 Kidiri the Covert (level 5, -1/28 HPs)
             Began as a Spriggan Enchanter on July 6, 2017.
             Slain by a neqoxec (10 damage)
             ... while paralysed
             ... in the Dungeon (Sprint II: "The Violet Keep of Menkaure").
             The game lasted 00:00:14 (28 turns).

Kidiri the Covert (Spriggan Enchanter)                Turns: 28, Time: 00:00:15

Health: -1/28      AC:  2    Str:  4    XL:     5   Next: 86%
Magic:  7/15       EV:  4    Int: 16    God:
Gold:   0          SH:  0    Dex: 18    Spells: 16/17 levels left

rFire    . . .     SeeInvis +   a - +1 dagger
rCold    . . .     Gourm    .   (shield restricted)
rNeg     . . .     Faith    .   b - +0 robe
rPois    .         Spirit   .   (helmet restricted)
rElec    .         Reflect  .   (no cloak)
rCorr    .         Harm     .   (gloves unavailable)
MR       .....     NoTele   +   (boots unavailable)
Stlth    ++++......             (no amulet)
HPRegen  0.09/turn              (no ring)
MPRegen  0.14/turn              (no ring)

@: paralysed, berserk cooldown, slowed, very quick
A: unfitting armour, see invisible, herbivore 3, speed 3, slow metabolism 2
a: no special abilities


You were in the Dungeon.
You were not hungry.

You visited 1 branch

Inventory:

Hand Weapons
 a - a +1 dagger (weapon)
Armour
 b - a +0 robe (worn)
Scrolls
 j - a scroll of blinking
Potions
 e - a potion of curing
 f - a potion of heal wounds
 g - a potion of haste
 h - 2 potions of magic
Books
 c - a book of Maledictions

   Spells                             Type                      Level
   a - Corona                         Hexes                        1
   b - Ensorcelled Hibernation        Hexes/Ice                    2
   c - Confuse                        Hexes                        3
   d - Tukima's Dance                 Hexes                        3
   e - Dazzling Spray                 Conjuration/Hexes            3
Comestibles
 d - a bread ration


   Skills:
 + Level 2.8 Fighting
 * Level 5.6 Short Blades
 + Level 2.5 Armour
 * Level 8.0 Dodging
 * Level 9.1 Stealth
 * Level 6.7 Spellcasting
 + Level 5.6 Hexes


You had 16 spell levels left.
You knew the following spells:

 Your Spells              Type           Power        Failure   Level  Hunger
a - Corona                Hex            ###....      1%          1    None


Dungeon Overview and Level Annotations

Branches:
Dungeon (1/1)

Altars:


Innate Abilities, Weirdness & Mutations

You are very small and have problems with some larger weapons.
You are too small for most types of armour.
You have supernaturally acute eyesight. (SInv)
You are a herbivore.
You cover ground extremely quickly.
You need consume almost no food.


Message History

Your Stealth skill gained 2 levels and is now at level 9!
Your Spellcasting skill increases to level 6!
You have reached level 5!
You feel agile.
You hit the shadow imp.
The shadow imp is lightly wounded.
You barely miss the shadow imp.
The shadow imp is lightly wounded.
The shadow imp gestures at you. You resist with significant effort.
You completely miss the shadow imp.
The shadow imp is lightly wounded.
You puncture the shadow imp!
The shadow imp is almost dead.
You are no longer berserk.
You pass out from exhaustion.
You feel yourself slow down. The neqoxec hits you. The neqoxec hits you!
You die...

#+#
##.##
+.<.+
##@##
#3#


535 5##.. ## ### You could see 2 neqoxecs, 2 white imps and a shadow imp.

Vanquished Creatures
  2 neqoxecs (D)
2 creatures vanquished.

Vanquished Creatures (others)
  A crocodile (D)
1 creature vanquished.

Grand Total: 3 creatures vanquished

Notes
Turn   | Place    | Note
-------+----------+-------------------------------------------
     0 | D        | Kidiri the Spriggan Enchanter began the quest for the Orb.
     0 | D        | Reached XP level 1. HP: 9/9 MP: 5/5
     1 | D        | Noticed a neqoxec
     1 | D        | Noticed a neqoxec
     1 | D        | Noticed a neqoxec
     1 | D        | Noticed a neqoxec
     9 | D        | Killed a neqoxec
     9 | D        | Reached skill level 1 in Armour
     9 | D        | Reached skill level 7 in Stealth
     9 | D        | Reached skill level 5 in Spellcasting
     9 | D        | Reached skill level 5 in Hexes
     9 | D        | Reached XP level 2. HP: 15/15 MP: 5/9
     9 | D        | Reached XP level 3. HP: 18/18 MP: 6/11
     9 | D        | Reached XP level 4. HP: 23/23 MP: 6/12
    21 | D        | Killed a neqoxec
    21 | D        | Reached skill level 5 in Short Blades
    21 | D        | Reached skill level 9 in Stealth
    21 | D        | Reached XP level 5. HP: 18/28 MP: 6/15
    28 | D        | Killed a crocodile
    28 | D        | Slain by a neqoxec

Vault maps used:
D:        the_violet_keep_of_menkaure

Skill      XL: |  1  2  3  4 |
---------------+-------------+-----
Fighting       | 2 |  2.8
Short Blades   | 4 5 |  5.6
Armour         | 1 2 |  2.5
Dodging        | 6 8 |  8.0
Stealth        | 7 9 |  9.1
Spellcasting   | 5 6 |  6.7
Hexes          | 5 |  5.6

Action                   |  1- 3 |  4- 6 || total
-------------------------+-------+-------++-------
Melee: Dagger            |     7 |    16 ||    23
  Use: Potion            |     1 |       ||     1
Dodge: Dodged            |     4 |     7 ||    11
